 Dungeon Crawl Stone Soup version 0.32-a0-841-g4648e6c457 (webtiles) character file.

Game seed: 7356636329380371517

1498 Fodor the Cleaver (level 8, -4/66 (70) HPs)
             Began as a Minotaur Fighter on Mar 26, 2024.
             Was an Initiate of Gozag.
             Slain by a wight
             ... wielding a +2 great sword of freezing
              (11 damage)
             ... on level 7 of the Dungeon.
             The game lasted 00:14:17 (4761 turns).

Fodor the Cleaver (Minotaur Fighter)                Turns: 4761, Time: 00:14:18

HP:   -4/66 (70)    AC: 35    Str: 23    XL:     8   Next: 52%
MP:   7/7           EV:  3    Int: 10    God:    Gozag
Gold: 746           SH:  0    Dex: 16    Spells: 7/7 levels left

rFire   + . .        w - +0 battleaxe (protect)
rCold   . . .        (shield currently unavailable)
rNeg    + . .        s - +8 orange crystal plate armour {Archmagi, Int+3 Clar}
rPois   .            (helmet restricted)
rElec   .            (no cloak)
rCorr   .            t - +0 pair of gloves
SInv    .            (no boots)
Will    .....        m - amulet of Gaazejao {rF+ rN+ RegenMP+ Int+2} Stlth
                     b - +6 ring of dexterity
HPRegen 0.31/turn    (no ring)
MPRegen 0.50/turn

%: clarity, archmagi
@: gold aura, under a protective aura, drained
A: horns 2, retaliatory headbutt
a: Renounce Religion, Potion Petition, Call Merchant, Bribe Branch


You were on level 7 of the Dungeon.
You worshipped Gozag.
Gozag was pleased with you.
You visited 1 branch of the dungeon, and saw 7 of its levels.

You collected 772 gold pieces.
You paid 26 gold pieces to Gozag.

Inventory:

Hand Weapons
 p - a +0 arbalest
 w - a +0 battleaxe of protection (weapon)
Armour
 c - a +0 buckler
 s - the +8 orange crystal plate armour (worn) {Archmagi, Int+3 Clar}
   (You found it on level 4 of the Dungeon)

   Int+3:     It affects your intelligence (+3).
   Clar:      It protects you from confusion, rage, mesmerisation and fear.
 t - a +0 pair of gloves (worn)
Jewellery
 b - a +6 ring of dexterity (left hand)
 m - the amulet of Gaazejao (around neck) {rF+ rN+ RegenMP+ Int+2}
   (You found it on level 3 of the Dungeon)

   [amulet of magic regeneration]

   It increases your rate of magic regeneration.
   Int+2:     It affects your intelligence (+2).
   rF+:       It protects you from fire.
   rN+:       It protects you from negative energy.
   RegenMP+:  It increases your rate of magic regeneration.
Talismans
 r - a serpent talisman
Wands
 a - a wand of mindburst (10)
 l - a wand of charming (6)
Scrolls
 e - a scroll of vulnerability {unknown}
 g - a scroll of amnesia
 h - a scroll of butterflies
 i - a scroll of teleportation
 n - a scroll of fear {unknown}
 o - a scroll of immolation {unknown}
 x - 2 scrolls of revelation {unknown}
 y - a scroll of noise {unknown}
 A - a scroll of blinking {unknown}
Potions
 d - 2 potions of might
 f - 2 potions of degeneration {unknown}
 j - 2 potions of curing {unknown}
 k - a potion of haste {unknown}
 q - a potion of heal wounds {unknown}
 u - a potion of lignification {unknown}
 v - a potion of cancellation {unknown}
 z - a potion of attraction {unknown}
 B - a potion of resistance {unknown}


   Skills:
 + Level 5.8 Fighting
 + Level 2.1 Long Blades
 + Level 8.4 Axes
 + Level 2.5 Ranged Weapons
 + Level 7.6 Armour
 + Level 1.1 Dodging
 + Level 5.1 Shields


You had 7 spell levels left.
You didn't know any spells.
Your spell library contained the following spells:

 Spells                   Type           Power      Damage    Failure   Level
 Gell's Gravitas          Tloc           0%         N/A       100%        3
 Teleport Other           Tloc           0%         N/A       100%        3
 Dispersal                Tloc           0%         N/A       100%        6


Dungeon Overview and Level Annotations

Branches:
Dungeon (7/15)             Temple (0/1) D:6

Altars:
Ashenzari
Gozag
Hepliaklqana
Makhleb
Ru
Trog
Uskayaw
Vehumet
Wu Jian

Portals:
Bailey: D:7


Innate Abilities, Weirdness & Mutations

You have a pair of horns on your head.
You reflexively headbutt those who attack you in melee.


Message History

You closely miss the wight.
You headbutt the wight, but do no damage.
The wight is heavily damaged.
The wight closely misses you. The wight hits you but does no damage.
You closely miss the wight.
The wight is heavily damaged.
The wight hits you but does no damage. The wight hits you with a +4 scimitar!
You partially resist.
You feel drained. The wight hits you but does no damage.
The wight hits you with a +4 scimitar.
You barely miss the wight.
The wight is heavily damaged.
The wight hits you from afar with a +1 halberd of freezing.
You partially resist.
You feel drained. The wight freezes you. The wight hits you but does no damage.
You hit the wight.
Your weapon exudes an aura of protection.
The wight is heavily damaged.
The wight barely misses you. The wight hits you with a +4 scimitar.
You hit the wight but do no damage.
The wight is heavily damaged.
The wight hits you from afar with a +1 halberd of freezing.
The wight freezes you. The wight hits you with a +4 scimitar!
You partially resist.
You feel drained.
The wight hits you but does no damage. x2
You slash the wight!
You destroy the wight!
The wight barely misses you.
You barely miss the wight. Your headbutt misses the wight.
The wight barely misses you.
The wight hits you with a +2 great sword of freezing!
* * * LOW HITPOINT WARNING * * *
You partially resist.
You feel drained.
* * * LOW HITPOINT WARNING * * *
The wight freezes you.
* * * LOW HITPOINT WARNING * * *
You slash the wight! Your headbutt misses the wight.
The wight is severely damaged.
The wight hits you but does no damage.
The wight hits you with a +2 great sword of freezing!
You die...
Your body crumbles into a pile of gold.

#.# # #.# .# ##
#)##.# .......
.#... ..z #. #z#
....###@##
.).....#.#
)∩).###.##.. .)
#.##.# #.##.# #
#.##.#.......#.#
#.#.##.#$......#.#
#.#.##.#..._...^.#
#...#..#.......#.#


You could see 2 wights.

Vanquished Creatures
  2 water moccasins
  Duvessa (D:4)
  An orc warrior (D:6)
  A sky beast (D:6)
  A phantom (D:7)
  A kobold brigand (D:6)
  A bullfrog (D:6)
  2 scorpions (D:4)
  A wight (D:7)
  Dowan (D:4)
  A jelly (D:6)
  An orc priest (D:6)
  A hound (D:6)
  Jessica (D:3)
  6 orc wizards
  Natasha (D:3)
  3 iguanas
  9 adders
  A shadow imp (D:6)
  2 ufetubi (D:5)
  3 dart slugs
  A ribbon worm (D:5)
  16 orcs
  5 ball pythons
  4 endoplasms
  5 giant cockroaches
  3 goblins
  5 hobgoblins
  6 jackals
  10 kobolds
  3 quokkas
  6 bats
  2 rats
107 creatures vanquished.

Notes
Turn   | Place    | Note
-------+----------+-------------------------------------------
     0 | D:1      | Fodor the Minotaur Fighter began the quest for the Orb.
     0 | D:1      | Reached XP level 1. HP: 19/19 MP: 0/0
   227 | D:1      | Reached XP level 2. HP: 17/27 MP: 1/1
   346 | D:1      | Reached skill level 3 in Axes
   933 | D:2      | Reached XP level 3. HP: 31/33 MP: 2/2
  1105 | D:2      | Found an opulent altar of Gozag.
  1113 | D:2      | Became a worshipper of Gozag Ym Sagoz the Greedy
  1121 | D:2      | Found a faded altar of an unknown god.
  1423 | D:3      | Noticed Jessica
  1428 | D:3      | Killed Jessica
  1429 | D:3      | Reached XP level 4. HP: 37/40 MP: 3/3
  1639 | D:3      | Identified the amulet of Gaazejao {rF+ rN+ RegenMP+ Int+2}
  1793 | D:3      | Noticed Natasha
  1796 | D:3      | Killed Natasha
  1916 | D:3      | Reached skill level 5 in Armour
  1916 | D:3      | Reached XP level 5. HP: 44/46 MP: 4/4
  1938 | D:3      | Reached skill level 4 in Axes
  2028 | D:3      | Found a burning altar of Makhleb.
  2213 | D:4      | Found the +8 orange crystal plate armour {Archmagi, Int+3
                  | Clar}
  2381 | D:4      | Found a bloodstained altar of Trog.
  2432 | D:4      | Noticed Duvessa
  2432 | D:4      | Noticed Dowan
  2437 | D:4      | Killed Duvessa
  2438 | D:4      | Reached skill level 1 in Dodging
  2438 | D:4      | Reached XP level 6. HP: 17/53 MP: 5/5
  2450 | D:4      | Killed Dowan
  2611 | D:4      | Identified the +1 long sword of Wus Oso {speed, SInv}
  2728 | D:4      | Reached skill level 5 in Axes
  2897 | D:5      | Entered Level 5 of the Dungeon
  3004 | D:5      | Found an opulent altar of Gozag.
  3025 | D:5      | Reached XP level 7. HP: 60/60 MP: 6/6
  3069 | D:5      | Found an ornate altar of the Wu Jian Council.
  3102 | D:5      | Found a broken altar of Ashenzari.
  3127 | D:5      | Reached skill level 6 in Axes
  3608 | D:6      | Reached skill level 1 in Long Blades
  3608 | D:6      | Reached skill level 5 in Shields
  3687 | D:6      | Found a staircase to the Ecumenical Temple.
  3798 | D:6      | Found a hide-covered altar of Uskayaw.
  3807 | D:6      | Reached skill level 5 in Fighting
  3973 | D:6      | Reached skill level 1 in Ranged Weapons
  3987 | D:6      | Reached skill level 7 in Axes
  3987 | D:6      | Reached XP level 8. HP: 57/68 MP: 7/7
  4315 | D:6      | Found a radiant altar of Vehumet.
  4315 | D:6      | Found a hazy altar of Hepliaklqana.
  4696 | D:7      | Reached skill level 8 in Axes
  4729 | D:7      | Found a sacrificial altar of Ru.
  4751 | D:7      | Found a flagged portal.
  4761 | D:7      | Slain by a wight

Illustrated notes

Levels and vault maps discovered:
D:1:      amcnicky_arrival_double_pillar, layout_basic,
          nicolae_concentric_dashed_squares_mild
D:2:      layout_rooms, hellmonk_ecumenical_altar_arch_garden, serial_glass,
          glass_columns_a, glass_columns_c, glass_columns_a, glass_columns_c,
          due_unseen_surprise, basic_altar, hex_intersection
D:3:      layout_basic, lightli_temple_of_fire, st_stairs_11, uniq_jessica,
          uniq_natasha
D:4:      layout_rooms, trog_butcher_becter, uniq_duvessa
D:5:      layout_loops_ring, kennysheep_little_box,
          ashenzari_conservatory_becter, mainiacjoe_overflow_surrounded_room,
          chequers_serial_rivers_micro_c
D:6:      layout_gridville, nicolae_uskayaw_dance_studio,
          gammafunk_temple_overflow_wave, minmay_temple_entry_mist
D:7:      layout_loops_ring, nicolae_overflow_crystal_walls, lemuel_tele_altar,
          serial_shops, nicolae_shop_gibbet_a_chance, enter_bailey_2,
          st_stairs_8, uniq_pikel

Skill      XL: |  1  2  3  4  5  6  7  8 |
---------------+-------------------------+-----
Axes           | 3 4 5 7 8 |  8.4
Shields        | 4 5 |  5.1
Fighting       | 4 5 |  5.8
Armour         | 4 5 6 7 |  7.6
Dodging        | 1 |  1.1
Long Blades    | 2 |  2.1
Ranged Weapons | 1 2 |  2.5

Action                     |  1- 3 |  4- 6 |  7- 9 || total
---------------------------+-------+-------+-------++-------
  Melee: War axe           |    61 |    99 |       ||   160
         Headbutt          |    10 |    16 |    27 ||    53
         Long sword        |       |    11 |    18 ||    29
         Battleaxe         |       |       |    89 ||    89
   Fire: Arbalest          |       |       |    16 ||    16
         Shortbow          |       |       |     3 ||     3
    Use: Scroll            |       |       |     5 ||     5
 Armour: Scale mail        |    66 |    61 |       ||   127
         Crystal plate arm |       |    58 |   231 ||   289
  Dodge: Dodged            |    37 |    22 |    39 ||    98
  Block: Buckler           |    13 |    27 |     7 ||    47

Table legend: (Time is in decaauts)
 A = Elapsed time spent in this place.
 B = Non-inter-level travel time spent in this place.
 C = Inter-level travel time spent in this place.
 D = Time resting spent in this place.
 E = Time spent auto-exploring this place.
 F = Levels seen in this place.
 G = Mean time per level.
                   A        B        C        D        E       F      G
               +--------+--------+--------+--------+--------+-----+--------+
         Total |   4862 |   4787 |     75 |      0 |   3278 |   7 |  694.6 |
       Dungeon |   4862 |   4787 |     75 |      0 |   3278 |   7 |  694.6 |
               +--------+--------+--------+--------+--------+-----+--------+

Top non-repeatable levels by time:
     D:6: 1134 daAuts
     D:1: 889 daAuts
     D:3: 831 daAuts
     D:4: 728 daAuts
     D:5: 658 daAuts
     D:2: 532 daAuts
     D:7: 87 daAuts
